Map: Thunderbird LE

Players

Woah - Winner!

  • Race: Terran Terran
  • Spawn Location: 11:00

ppopollux

  • Race: Zerg Zerg
  • League: Platinum
  • Spawn Location: 5:00

VOD

Have the link to the VOD?

Description

Time

  • Played on: June 12, 2019, 9:34 a.m.
  • Length: 12:29
Show
View Real Time Build Order
Export as new Build Order

Woah Terran - Winner!

Build Orders: Reaper Expand 

Get SALT Encoding   

  12  0:01  SCV  
  13  0:14  SCV  
  13  0:17  Supply Depot  
  14  0:27  SCV  
  15  0:39  Barracks  
  15  0:41  Refinery  
  15  0:44  SCV  
  16  0:56  SCV  
  17  1:08  SCV  
  18  1:20  SCV  
  19  1:26  Reaper  
  20  1:34  Orbital Command  
  20  1:43  Command Center  
  20  1:57  Barracks  
  20  2:05  Barracks Reactor  
  20  2:08  SCV  
  21  2:09  Supply Depot  
  21  2:15  Refinery  
  21  2:24  SCV  
  22  2:36  SCV, Factory  
  23  2:56  SCV  
  23  2:57  Marine x2  
  23  2:58  Barracks Tech Lab  
  26  3:15  SCV  
  26  3:18  Orbital Command  
  27  3:22  Starport, Marine  
  27  3:23  Marine  
  27  3:24  Marine  
  30  3:27  Stimpack  
  30  3:30  SCV  
  31  3:37  Supply Depot  
  31  3:42  SCV  
  31  3:43  Marine x3  
  31  3:46  SCV  
  36  3:55  SCV  
  37  3:58  SCV, Factory Reactor, Supply Depot  
  37  4:00  Marine  
  37  4:02  Marine  
  40  4:10  SCV  
  40  4:15  Supply Depot  
  41  4:18  Starport Tech Lab  
  41  4:19  SCV  
  41  4:21  Marauder, Marine x2  
  45  4:33  Engineering Bay  
  45  4:37  Bunker  
  45  4:49  Siege Tank  
  45  4:50  Medivac  
  54  4:53  Marauder, Marine x2  
  54  4:59  Supply Depot  
  56  5:03  SCV x2  
  56  5:04  Viking  
  58  5:15  SCV  
  59  5:21  Barracks  
  59  5:28  Siege Tank  
  62  5:29  Marine  
  62  5:30  Marine x2  
  62  5:33  SCV  
  66  5:40  Command Center  
  66  5:47  SCV x2  
  68  5:50  Supply Depot  
  68  5:52  Terran Infantry Weapons Level 1  
  68  5:59  SCV  
  68  6:00  SCV  
  68  6:02  Refinery  
  68  6:03  Refinery  
  70  6:06  Engineering Bay  
  70  6:11  SCV  
  70  6:12  SCV, Combat Shield  
  70  6:17  Barracks Tech Lab  
  72  6:21  Barracks  
  72  6:23  SCV  
  72  6:24  SCV  
  74  6:26  Barracks  
  74  6:28  Supply Depot  
  74  6:36  Medivac x2  
  78  6:45  SCV  
  79  6:52  Supply Depot x2  
  79  7:03  Concussive Shells  
  79  7:04  Marauder  
  79  7:05  Marauder  
  79  7:06  Marine x2  
  85  7:09  Terran Infantry Armor Level 1  
  85  7:22  SCV x2  
  87  7:24  Marine x2  
  87  7:25  Marine  
  87  7:28  Siege Tank, Marine  
  94  7:34  SCV x2  
  96  7:39  Marauder  
  96  7:42  Marine  
  96  7:44  Marauder  
  101  7:46  SCV x2, Supply Depot  
  103  7:58  SCV  
  101  8:14  Marine  
  101  8:15  Marine x4  
  101  8:18  Missile Turret  
  101  8:19  Missile Turret  
  106  8:21  Missile Turret, Orbital Command  
  106  8:22  Missile Turret x2  
  105  8:32  Marine  
  105  8:33  Marine x4  
  99  8:50  Marine  
  99  8:52  Marine x4  
  98  9:00  Barracks Reactor  
  86  9:04  Barracks  
  86  9:05  Barracks  
  86  9:08  Marine  
  79  9:10  Marine  
  79  9:12  Barracks Reactor  
  79  9:14  Armory  
  79  9:15  Supply Depot  
  80  9:26  Missile Turret, Marine x3  
  80  9:28  SCV, Marine  
  80  9:30  SCV x2, Missile Turret  
  87  9:40  SCV  
  87  9:42  SCV x2, Marine  
  87  9:43  Marine  
  87  9:44  Marine x3  
  95  9:46  Marine  
  95  9:52  SCV  
  97  9:54  SCV x2  
  97  9:55  Command Center, Barracks Reactor x2  
  99  10:00  Marine  
  99  10:01  Marine  
  99  10:02  Marine x2  
  103  10:14  Marine x4  
  104  10:16  Medivac  
  104  10:18  Marine x2, Medivac, Barracks x2  
  104  10:19  Marine  
  104  10:20  Refinery  
  114  10:25  Refinery  
  114  10:28  Missile Turret  
  114  10:29  Missile Turret  
  114  10:33  Marine x4  
  114  10:34  Marine  
  114  10:35  Marine x2  
  120  10:39  Marine x3  
  124  10:44  Missile Turret  
  124  10:46  Missile Turret  
  124  10:51  Medivac x2  
  124  10:55  Marine  
  129  10:59  Supply Depot  
  129  11:03  Supply Depot  
  129  11:15  Fusion Core  
  129  11:17  Starport  
  129  11:18  Starport  
  129  11:20  Marine  
  129  11:21  Marine x4  
  129  11:22  Marine  
  135  11:37  Marine  
  135  11:38  Marine x9  
  138  12:01  Marine x12  
Show
View Real Time Build Order
Export as new Build Order

ppopollux Zerg 

Build Orders: Hatch First 

Get SALT Encoding   

  12  0:02  Drone  
  13  0:15  Overlord  
  13  0:18  Drone  
  14  0:37  Drone x2  
  16  0:53  Drone  
  16  0:55  Hatchery  
  16  1:05  Drone  
  17  1:14  Spawning Pool  
  17  1:15  Extractor  
  17  1:17  Drone  
  16  1:20  Drone  
  17  1:26  Drone  
  18  1:34  Drone  
  19  1:54  Overlord  
  19  2:03  Zergling x4  
  19  2:06  Queen  
  23  2:09  Zergling x2  
  24  2:17  Zergling x2  
  24  2:19  Metabolic Boost  
  25  2:24  Roach Warren  
  25  2:26  Drone x2  
  26  2:53  Drone x2  
  26  2:54  Drone x3  
  26  2:56  Queen  
  32  3:17  Lair  
  32  3:21  Extractor  
  32  3:22  Extractor, Drone  
  32  3:23  Extractor, Drone x4  
  32  3:26  Overlord  
  34  3:37  Drone  
  34  3:38  Drone  
  36  3:45  Evolution Chamber  
  36  3:47  Evolution Chamber, Drone x3  
  37  3:54  Roach  
  39  4:04  Zergling x4  
  41  4:29  Zerg Missile Weapons Level 1, Zerg Ground Armor Level 1  
  41  4:30  Hatchery  
  40  4:36  Drone x2  
  40  4:37  Drone  
  43  4:38  Drone  
  43  4:41  Overlord x2  
  44  5:00  Drone  
  44  5:01  Drone x7  
  44  5:07  Spire  
  51  5:13  Infestation Pit  
  50  5:15  Drone x3  
  53  5:28  Queen  
  55  5:44  Queen  
  55  5:49  Drone x9  
  66  5:53  Overlord  
  66  5:58  Hive  
  66  6:08  Pneumatized Carapace  
  66  6:21  Mutalisk x2, Zergling x2  
  66  6:22  Zergling x6  
  74  6:26  Overlord x3  
  74  6:51  Drone x4  
  74  6:53  Mutalisk x5  
  88  7:17  Greater Spire  
  88  7:19  Zerg Ground Armor Level 2  
  88  7:25  Extractor  
  88  7:26  Extractor, Drone x3  
  88  7:28  Drone x3  
  92  7:31  Corruptor x2  
  96  7:52  Zerg Missile Weapons Level 2  
  92  8:12  Zergling x2  
  69  8:13  Zergling x36  
  78  8:56  Mutalisk  
  78  8:57  Mutalisk x6  
  85  9:19  Extractor  
  85  9:20  Hatchery  
  83  9:28  Brood Lord x2  
  83  9:29  Corruptor x2  
  91  9:32  Zergling x2  
  91  9:34  Overlord x3  
  92  10:04  Zergling x6  
  92  10:05  Zergling x4  
  97  10:14  Zerg Melee Weapons Level 1  
  97  10:16  Zerg Flyer Armor Level 1  
  97  10:38  Mutalisk x2  
  97  10:39  Corruptor, Zergling x4  
  97  10:41  Zergling x4  
  107  11:02  Drone x3  
  107  11:03  Drone x2  
  112  11:05  Overlord  
  100  11:53  Roach, Zergling x2  
  100  11:54  Roach x3, Zergling x6  
  76  12:02  Baneling Nest  
Tags
 
League
Platinum
Matchup
TvZ
Replay Pack
r1
Spawn Locations
Cross Positions
Add a new tag
Caveats
  • Supply blocks, unpowered buildings, or Contaminate may cause inaccurate times.
  • Supply counts are checked every 10 seconds.